 Dungeon Crawl Stone Soup version 0.29.0-15-g675c0067aa (webtiles) character file.

Game seed: 2857837639877198768

1373 qw the Cleaver (level 8, -11/70 HPs)
             Began as a Minotaur Berserker on Sept 12, 2022.
             Was an Elder of Trog.
             Killed from afar by a steam dragon (16 damage)
             ... with a ball of steam
             ... on level 7 of the Dungeon.
             The game lasted 00:02:32 (6550 turns).

qw the Cleaver (Minotaur Berserker)                 Turns: 6550, Time: 00:02:33

Health: -11/70     AC: 17    Str: 24    XL:     8   Next: 39%
Magic:  7/7        EV:  9    Int:  4    God:    Trog [****..]
Gold:   194        SH:  0    Dex: 13    Spells: 7/7 levels left

rFire   . . .      SeeInvis .   i - +7 war axe of Povimahi {vorpal, Will+}
rCold   . . .      Faith    .   (no shield)
rNeg    . . .      Spirit   .   l - +0 chain mail
rPois   .          Reflect  .   a - +2 hat
rElec   .          Harm     .   (no cloak)
rCorr   .          Rampage  .   b - +5 pair of gloves of the Invisible Tales {Dex+3}
Will    +....                   (no boots)
Stlth   ..........              (no amulet)
HPRegen 0.21/turn               (no ring)
MPRegen 0.10/turn               (no ring)

@: on berserk cooldown, slowed, very slow
A: horns 2, retaliatory headbutt
a: Renounce Religion, Berserk, Trog's Hand, Brothers in Arms


You were on level 7 of the Dungeon.
You worshipped Trog.
Trog was greatly pleased with you.
You visited 1 branch of the dungeon, and saw 7 of its levels.

You collected 224 gold pieces.
You spent 30 gold pieces at shops.


Innate Abilities, Weirdness & Mutations

You have a pair of horns on your head.
You reflexively headbutt those who attack you in melee.


   Skills:
 - Level 6.2 Fighting
 + Level 11.3 Axes
 - Level 4.1 Armour
 - Level 2.1 Dodging


You had 7 spell levels left.
You didn't know any spells.
Your spell library was empty.

Inventory:

Hand Weapons
 i - the +7 war axe of Povimahi (weapon) {vorpal, Will+}
   (You found it on level 5 of the Dungeon)

   It inflicts extra damage upon your enemies.
   Will:      It increases your willpower.
 m - a +0 morningstar
Armour
 a - a +2 hat (worn)
 b - the +5 pair of gloves of the Invisible Tales (worn) {Dex+3}
   (You acquired it on level 2 of the Dungeon)

   Dex:       It affects your dexterity (+3).
 l - a +0 chain mail (worn)
Jewellery
 k - a ring of poison resistance
Scrolls
 f - 2 scrolls of identify
Potions
 c - 3 potions of curing
 d - a potion of cancellation
 e - a potion of mutation
 g - a potion of might
 j - a potion of magic {unknown}

Dungeon Overview and Level Annotations

Branches:
Dungeon (7/15)             Temple (0/1) D:4

Altars:
Ashenzari
Cheibriados
Hepliaklqana
Okawaru
Qazlal
Sif Muna
Trog
Uskayaw
Vehumet
Xom
Zin

Shops:
D:2 *!(   D:4 **

Annotations:
D:4 2 transporters, qw's ghost, weakling GrDe


Message History

Maggie says, "Leave now, and tell all of Margery's mercy!"
Maggie hits you with a +0 morningstar of flaming.
Maggie burns you.
You slash the gnoll!
You kill the gnoll!
Trog accepts your kill.
You hit Maggie.
Maggie hits you with a +0 morningstar of flaming!
Maggie burns you.
You barely miss Maggie.
Maggie is heavily wounded.
Maggie zaps a wand.
You suddenly lose the ability to move!
Maggie drinks a potion.
Maggie is healed!
You can move again.
You barely miss Maggie.
Maggie is heavily wounded.
Maggie hits you but does no damage.
Maggie points at you and mumbles some strange words.
The bolt of fire hits you!!
6548 ||| READING scroll of teleportation.
As you read the scroll of teleportation, it crumbles to dust.
You feel strangely unstable.
Maggie zaps a wand.
You shrug off the repeated paralysis!
You slash Maggie! You headbutt Maggie.
Maggie is severely wounded.
Maggie zaps a wand.
You resist with almost no effort.
Maggie hits you with a +0 morningstar of flaming.
Maggie burns you.
You slash Maggie!
You are no longer entranced.
You kill Maggie!
Trog accepts your kill.
Trog appreciates your killing of a magic user.
Your surroundings suddenly seem different.
A cyclops and a steam dragon come into view.
The cyclops shouts!
The steam dragon hisses angrily.
You hear a shout! x2
An ufetubus comes into view.
The steam dragon breathes steam at you. The ball of steam hits you!
You die...

#########.
#...D..C.5
#..¤......
#..¤......
#.@.......
##########


You could see a cyclops, a steam dragon (catching breath) and an ufetubus
(wandering).

Vanquished Creatures
  Maggie (D:7)
  A water moccasin (D:6)
  A black bear (D:5)
  An ogre (D:5)
  An ice beast (D:6)
  2 phantoms
  3 scorpions
  2 jellies (D:5)
  2 hounds (D:4)
  A gnoll bouda (D:7)
  3 iguanas
  6 orc wizards
  8 gnolls
  7 adders
  A white imp (D:7)
  An ufetubus (D:7)
  A dart slug (D:2)
  22 orcs
  7 endoplasms
  7 giant cockroaches
  9 goblins
  10 hobgoblins
  5 jackals (D:1)
  9 kobolds
  7 quokkas
  15 ball pythons
  4 bats
  10 rats
147 creatures vanquished.

Notes
Turn   | Place    | Note
-------+----------+-------------------------------------------
     0 | D:1      | qw the Minotaur Berserker began the quest for the Orb.
     0 | D:1      | Reached XP level 1. HP: 19/19 MP: 0/0
     0 | D:1      | 0 ||| qw: Version: 0.1-a-119-g272c26d
     0 | D:1      | 0 ||| qw: Game counter: 10943
     0 | D:1      | 0 ||| qw: Always use a shield: true
     0 | D:1      | 0 ||| qw: Do Orc after D:15 true
     0 | D:1      | 0 ||| qw: Do second Lair branch before Depths: true
     0 | D:1      | 0 ||| qw: Lair rune preference: random
     0 | D:1      | 0 ||| qw: Plans: Normal
     0 | D:1      | 0 ||| PLANNING D:1-11
     2 | D:1      | Noticed a tengu
     6 | D:1      | Noticed a demonspawn
     6 | D:1      | Noticed an octopode
     8 | D:1      | Noticed a palentonga
     8 | D:1      | Noticed a meteoran
    10 | D:1      | Noticed a human
    10 | D:1      | Noticed a vine stalker
    12 | D:1      | Noticed a spriggan
    12 | D:1      | Noticed a gargoyle
    14 | D:1      | Noticed a merfolk
    14 | D:1      | Noticed a troll
    16 | D:1      | Noticed an elf
    16 | D:1      | Noticed an ogre
    18 | D:1      | Noticed a felid
    18 | D:1      | Noticed a ghoul
    20 | D:1      | Noticed a vampire
    20 | D:1      | Noticed a draconian
    22 | D:1      | Noticed a formicid
    22 | D:1      | Noticed a demigod
    24 | D:1      | Noticed a naga
    24 | D:1      | Noticed a demonspawn
    26 | D:1      | Noticed a human
    26 | D:1      | Noticed a formicid
   134 | D:1      | 134 ||| Stepping ~*~*~tactically~*~*~ (stealth).
   155 | D:1      | Reached skill level 4 in Axes
   357 | D:1      | Reached XP level 2. HP: 26/26 MP: 1/1
   735 | D:1      | 735 ||| Stepping ~*~*~tactically~*~*~ (stealth).
   743 | D:1      | 743 ||| Stepping ~*~*~tactically~*~*~ (stealth).
   751 | D:1      | Reached skill level 5 in Axes
   878 | D:1      | Reached XP level 3. HP: 31/31 MP: 2/2
   931 | D:1      | Reached ** piety under Trog
  1056 | D:1      | Found a faded altar of an unknown god.
  1227 | D:1      | 1227 ||| READING scroll labelled UWU EHOMASOA.
  1228 | D:1      | 1228 ||| READING 2 scrolls labelled ACLOYTRIVA.
  1264 | D:2      | Found Gearhor's Antique Weapon Emporium.
  1268 | D:2      | 1268 ||| STAIRDANCE
  1274 | D:2      | 1274 ||| Stepping ~*~*~tactically~*~*~ (stealth).
  1275 | D:2      | 1275 ||| Stepping ~*~*~tactically~*~*~ (stealth).
  1292 | D:2      | 1292 ||| SHOPLISTING flail (84 gold, have 10).
  1292 | D:2      | 1292 ||| SHOPLISTING glowing hand axe (144 gold, have 10).
  1292 | D:2      | 1292 ||| SHOPLISTING mace (72 gold, have 10).
  1292 | D:2      | 1292 ||| SHOPLISTING runed hand axe (144 gold, have 10).
  1621 | D:2      | 1621 ||| Stepping ~*~*~tactically~*~*~ (stealth).
  1663 | D:2      | 1663 ||| Stepping ~*~*~tactically~*~*~ (stealth).
  1666 | D:2      | 1666 ||| Stepping ~*~*~tactically~*~*~ (stealth).
  1668 | D:2      | 1668 ||| Stepping ~*~*~tactically~*~*~ (stealth).
  1674 | D:2      | 1674 ||| Stepping ~*~*~tactically~*~*~ (stealth).
  1683 | D:2      | 1683 ||| Stepping ~*~*~tactically~*~*~ (stealth).
  1706 | D:2      | Found Axum's Distillery.
  1710 | D:2      | 1710 ||| SHOPLISTING potion of cancellation (80 gold, have
                  | 36).
  1710 | D:2      | 1710 ||| BUYING potion of curing (30 gold).
  1710 | D:2      | Bought a potion of curing for 30 gold pieces
  1710 | D:2      | 1710 ||| SHOPLISTING potion of curing (30 gold, have 6).
  1710 | D:2      | 1710 ||| SHOPLISTING potion of haste (100 gold, have 6).
  1710 | D:2      | 1710 ||| SHOPLISTING potion of resistance (100 gold, have
                  | 6).
  1732 | D:2      | Reached skill level 6 in Axes
  1732 | D:2      | Reached XP level 4. HP: 39/39 MP: 3/3
  1937 | D:2      | Found Ziklid's Assorted Antiques.
  1944 | D:2      | 1944 ||| SHOPLISTING emerald potion (20 gold, have 6).
  1944 | D:2      | 1944 ||| SHOPLISTING fizzy orange potion (20 gold, have 6).
  1944 | D:2      | 1944 ||| SHOPLISTING leather armour (46 gold, have 6).
  1944 | D:2      | 1944 ||| SHOPLISTING mace (69 gold, have 6).
  1944 | D:2      | 1944 ||| SHOPLISTING pink potion (20 gold, have 6).
  1944 | D:2      | 1944 ||| SHOPLISTING scroll labelled LIMOEPAOHU (23 gold,
                  | have 6).
  2081 | D:2      | 2081 ||| UPGRADING to +0 ring mail.
  2091 | D:2      | 2091 ||| DROPPING +0 animal skin.
  2092 | D:2      | 2092 ||| READING scroll labelled AXUFIA VESHUET.
  2093 | D:2      | 2093 ||| READING scroll labelled LIMOEPAOHU.
  2094 | D:2      | 2094 ||| READING 2 scrolls labelled KOPUUZ DAGOY.
  2094 | D:2      | Identified 2 scrolls of acquirement
  2094 | D:2      | 2094 ||| ACQUIRING +2 hat
  2094 | D:2      | Acquired a +2 hat
  2096 | D:2      | 2096 ||| UPGRADING to +2 hat.
  2101 | D:2      | 2101 ||| READING scroll of acquirement.
  2101 | D:2      | 2101 ||| ACQUIRING +5 pair of gloves of the Invisible Tales
                  | {Dex+3}
  2101 | D:2      | Acquired the +5 pair of gloves of the Invisible Tales
                  | {Dex+3}
  2103 | D:2      | 2103 ||| UPGRADING to +5 pair of gloves of the Invisible
                  | Tales {Dex+3}.
  2108 | D:2      | 2108 ||| READING scroll labelled OWNEYG XEOBREST.
  2109 | D:2      | 2109 ||| READING 3 scrolls of identify.
  2109 | D:2      | 2109 ||| IDENTIFYING fizzy orange potion
  2110 | D:2      | 2110 ||| READING 2 scrolls of identify.
  2110 | D:2      | 2110 ||| IDENTIFYING lumpy sapphire potion
  2111 | D:2      | 2111 ||| DROPPING potion of lignification.
  2112 | D:2      | 2112 ||| DROPPING potion of ambrosia.
  2150 | D:3      | 2150 ||| STAIRDANCE
  2156 | D:2      | 2156 ||| SWAPPING to +0 war axe.
  2157 | D:2      | 2157 ||| DROPPING +1 hand axe.
  2163 | D:3      | 2163 ||| Stepping ~*~*~tactically~*~*~ (stealth).
  2244 | D:3      | 2244 ||| Stepping ~*~*~tactically~*~*~ (stealth).
  2246 | D:3      | 2246 ||| Stepping ~*~*~tactically~*~*~ (stealth).
  2249 | D:3      | 2249 ||| Stepping ~*~*~tactically~*~*~ (stealth).
  2306 | D:3      | Found a radiant altar of Vehumet.
  2329 | D:3      | 2329 ||| DROPPING +0 club.
  2347 | D:3      | 2347 ||| Stepping ~*~*~tactically~*~*~ (hiding).
  2352 | D:3      | 2352 ||| INVOKING Berserk.
  2452 | D:3      | 2452 ||| Stepping ~*~*~tactically~*~*~ (stealth).
  2453 | D:3      | 2453 ||| Stepping ~*~*~tactically~*~*~ (stealth).
  2536 | D:3      | 2536 ||| INVOKING Berserk.
  2545 | D:3      | Noticed a scorpion
  2548 | D:3      | 2548 ||| DRINKING 3 potions of curing.
  2548 | D:3      | 2548 ||| (to cure confusion)
  2550 | D:3      | Reached skill level 7 in Axes
  2550 | D:3      | Reached XP level 5. HP: 45/45 MP: 4/4
  2556 | D:3      | 2556 ||| DRINKING 2 potions of curing.
  2556 | D:3      | 2556 ||| (to cure confusion)
  2560 | D:3      | 2560 ||| DRINKING potion of curing.
  2560 | D:3      | 2560 ||| (to cure confusion)
  2561 | D:3      | 2561 ||| Stepping ~*~*~tactically~*~*~ (stealth).
  2572 | D:3      | Reached *** piety under Trog
  2627 | D:3      | 2627 ||| Stepping ~*~*~tactically~*~*~ (stealth).
  2656 | D:3      | Found a glowing silver altar of Zin.
  2656 | D:3      | Found a snail-covered altar of Cheibriados.
  2656 | D:3      | Found a shimmering altar of Xom.
  2656 | D:3      | Found an iron altar of Okawaru.
  2696 | D:3      | 2696 ||| Stepping ~*~*~tactically~*~*~ (hiding).
  2701 | D:3      | 2701 ||| INVOKING Berserk.
  2707 | D:3      | Reached XP level 6. HP: 52/52 MP: 5/5
  2813 | D:3      | 2813 ||| DROPPING +0 whip.
  2886 | D:3      | Found a stormy altar of Qazlal.
  2887 | D:3      | Noticed a fire elemental
  2889 | D:3      | Noticed a water elemental
  2889 | D:3      | Noticed an air elemental
  2901 | D:3      | 2901 ||| READING scroll labelled NEAKAUSEOMI.
  2902 | D:3      | 2902 ||| READING 2 scrolls of identify.
  2902 | D:3      | 2902 ||| IDENTIFYING orange potion
  3049 | D:4      | Found Awinupar's General Store.
  3053 | D:4      | Found Vemm's Specific Store.
  3058 | D:4      | 3058 ||| SHOPLISTING potion of haste (100 gold, have 85).
  3058 | D:4      | 3058 ||| SHOPLISTING ring of see invisible (150 gold, have
                  | 85).
  3202 | D:4      | Reached skill level 8 in Axes
  3272 | D:4      | 3272 ||| INVOKING Berserk.
  3331 | D:4      | 3331 ||| DROPPING +0 flail.
  3441 | D:4      | Found a staircase to the Ecumenical Temple.
  3475 | D:4      | 3475 ||| Stepping ~*~*~tactically~*~*~ (stealth).
  3476 | D:4      | 3476 ||| Stepping ~*~*~tactically~*~*~ (stealth).
  3485 | D:4      | 3485 ||| Stepping ~*~*~tactically~*~*~ (stealth).
  3543 | D:4      | Noticed qw's ghost (weakling GrDe)
  3544 | D:4      | Found a transporter.
  3544 | D:4      | Found a transporter.
  3545 | D:4      | Identified the +9 great mace of Gicrin {flame, rF+ Will+
                  | Dex+2 SInv}
  3608 | D:4      | 3608 ||| INVOKING Berserk.
  3615 | D:4      | 3615 ||| FLEEEEING.
  3616 | D:4      | 3616 ||| FLEEEEING.
  3617 | D:4      | 3617 ||| FLEEEEING.
  3618 | D:4      | 3618 ||| FLEEEEING.
  3619 | D:4      | 3619 ||| FLEEEEING.
  3620 | D:4      | 3620 ||| FLEEEEING.
  3757 | D:4      | Found a shimmering blue altar of Sif Muna.
  3856 | D:4      | 3856 ||| FLEEEEING.
  3857 | D:4      | 3857 ||| FLEEEEING.
  3858 | D:4      | 3858 ||| FLEEEEING.
  3859 | D:4      | 3859 ||| FLEEEEING.
  3860 | D:4      | 3860 ||| FLEEEEING.
  3861 | D:4      | 3861 ||| FLEEEEING.
  3863 | D:4      | 3863 ||| FLEEEEING.
  3864 | D:4      | 3864 ||| FLEEEEING.
  3865 | D:4      | 3865 ||| FLEEEEING.
  3866 | D:4      | 3866 ||| FLEEEEING.
  4129 | D:4      | Reached skill level 9 in Axes
  4157 | D:4      | 4157 ||| UPGRADING to +0 chain mail.
  4167 | D:4      | 4167 ||| DROPPING +0 ring mail.
  4168 | D:4      | 4168 ||| READING scroll labelled CEUCSI LOONK.
  4169 | D:4      | 4169 ||| READING scroll labelled QAS AXKACASE.
  4316 | D:4      | 4316 ||| READING scroll labelled SUEM QASECSECO.
  4317 | D:4      | 4317 ||| READING 2 scrolls of identify.
  4317 | D:4      | 4317 ||| IDENTIFYING fizzy coppery potion
  4318 | D:4      | 4318 ||| DROPPING potion of degeneration.
  4350 | D:5      | Entered Level 5 of the Dungeon
  4359 | D:5      | 4359 ||| INVOKING Berserk.
  4361 | D:5      | Reached skill level 3 in Armour
  4489 | D:5      | Reached XP level 7. HP: 61/61 MP: 6/6
  4596 | D:5      | 4596 ||| INVOKING Berserk.
  4944 | D:5      | Reached skill level 10 in Axes
  4995 | D:5      | Found a broken altar of Ashenzari.
  5047 | D:5      | Identified the +7 war axe of Povimahi {vorpal, Will+}
  5049 | D:5      | 5049 ||| SWAPPING to +7 war axe of Povimahi {vorpal,
                  | Will+}.
  5050 | D:5      | 5050 ||| DROPPING +0 war axe.
  5205 | D:5      | 5205 ||| INVOKING Berserk.
  5211 | D:5      | Reached skill level 6 in Fighting
  5586 | D:5      | 5586 ||| READING scroll labelled CADIPN XIPYE.
  5589 | D:5      | 5589 ||| DRINKING 2 white potions.
  5590 | D:5      | 5590 ||| READING 4 scrolls of identify.
  5590 | D:5      | 5590 ||| IDENTIFYING emerald potion
  5591 | D:5      | 5591 ||| READING 3 scrolls of identify.
  5591 | D:5      | 5591 ||| IDENTIFYING pink potion
  5592 | D:5      | 5592 ||| READING 2 scrolls of identify.
  5592 | D:5      | 5592 ||| IDENTIFYING red potion
  5593 | D:5      | 5593 ||| DROPPING potion of flight.
  5594 | D:5      | 5594 ||| DROPPING potion of brilliance.
  5696 | D:6      | Reached XP level 8. HP: 70/70 MP: 7/7
  5698 | D:6      | Reached skill level 11 in Axes
  5747 | D:6      | Reached **** piety under Trog
  5790 | D:6      | Found a hazy altar of Hepliaklqana.
  5974 | D:6      | Found a bloodstained altar of Trog.
  6496 | D:7      | Found a hide-covered altar of Uskayaw.
  6501 | D:7      | 6501 ||| Stepping ~*~*~tactically~*~*~ (hiding).
  6520 | D:7      | 6520 ||| Stepping ~*~*~tactically~*~*~ (stealth).
  6527 | D:7      | 6527 ||| INVOKING Berserk.
  6527 | D:7      | Noticed Maggie
  6537 | D:7      | Paralysed by Maggie for 3 turns
  6545 | D:7      | Paralysed by Maggie for 2 turns
  6547 | D:7      | HP: 10/70 [Maggie/bolt of fire (20)]
  6548 | D:7      | 6548 ||| READING scroll of teleportation.
  6550 | D:7      | Killed Maggie
  6550 | D:7      | Noticed a cyclops
  6550 | D:7      | Killed from afar by a steam dragon

Levels and vault maps discovered:
D:1:      kb_arrival_jail, layout_rooms, chequers_ecumenical_altar_simple_redux,
          minmay_misc_feat_rugged
D:2:      minmay_alternating_diamond, layout_rooms, serial_shops, shop,
          shop_statue, shop, kennysheep_generic_room_16
D:3:      layout_basic, nicolae_qazlal_style_of_elements,
          overflow_temple_1_default, grunt_temple_overflow_cloverleaf
D:4:      layout_loops_ring, tgw_sif, temple_pool_b, gammafunk_ghost_smash,
          st_stairs_1, nicolae_specific_store, minivault_11
D:5:      layout_basic, mainiacjoe_overflow_paths
D:6:      layout_gridville, lemuel_tele_altar, nicolae_overflow_hidden_temple,
          amcnicky_mini_pool_small, minmay_misc_feat_cross
D:7:      layout_basic, eat_drink_and_be_merry_uskayaw, serial_demonic,
          serial_demonic_f, serial_demonic_e, serial_demonic_a,
          serial_demonic_e, uniq_maggie

Skill      XL: |  1  2  3  4  5  6  7  8 |
---------------+-------------------------+-----
Axes           | 4 5 6 7 9 10 11 | 11.3
Fighting       | 4 5 6 |  6.2
Armour         | 3 4 |  4.1
Dodging        | |  2.1

Action                   |  1- 3 |  4- 6 |  7- 9 || total
-------------------------+-------+-------+-------++-------
Melee: Hand axe          |   120 |    22 |       ||   142
       Headbutt          |    12 |    19 |    12 ||    43
       War axe           |       |   126 |    68 ||   194
       Punch             |       |     1 |       ||     1
Invok: Berserk           |       |     6 |     3 ||     9
  Use: Scroll            |     2 |    13 |     5 ||    20
       Potion            |       |     3 |     1 ||     4
Armor: Animal skin       |    27 |     1 |       ||    28
       Ring mail         |       |    80 |       ||    80
       Chain mail        |       |     4 |    26 ||    30
Dodge: Dodged            |    58 |    75 |    15 ||   148

Table legend:
 A = Non-vault XP
 B = Vault XP
 C = Vault XP percentage of total XP
 D = Non-vault monster count
 E = Vault monster count
 F = Vault count percentage of total count
                 A         B        C        D         E       F
            +---------+---------+-------+---------+---------+-------
      Total |    1923 |     428 |  18.2 |     133 |      14 |   9.5
            +---------+---------+-------+---------+---------+-------
        D:1 |      56 |       0 |   0.0 |      32 |       0 |   0.0
        D:2 |      42 |      17 |  28.8 |      18 |       9 |  33.3
        D:3 |     276 |       0 |   0.0 |      28 |       0 |   0.0
        D:4 |     240 |       4 |   1.6 |      27 |       2 |   6.9
        D:5 |     776 |       0 |   0.0 |      17 |       0 |   0.0
        D:6 |     319 |       0 |   0.0 |       4 |       0 |   0.0
        D:7 |     214 |     407 |  65.5 |       7 |       3 |  30.0
            +---------+---------+-------+---------+---------+-------
